 Dungeon Crawl Stone Soup version 0.28.0-53-g5a82cb258f (webtiles) character file.

Game seed: 17920477724572153012

464 Mattiprrivan the Poker (level 7, -2/82 HPs)
             Began as a Merfolk Monk on July 1, 2022.
             Slain by an ogre
             ... wielding a +0 giant club
              (9 damage)
             ... on level 5 of the Dungeon.
             The game lasted 00:20:04 (5147 turns).

Mattiprrivan the Poker (Merfolk Monk)               Turns: 5147, Time: 00:20:05

Health: -2/82      AC: 23    Str: 11    XL:     7   Next: 7%
Magic:  8/8        EV:  2    Int:  9    God:
Gold:   113        SH:  5    Dex: 17    Spells: 6/6 levels left

rFire   + . .      SeeInvis +   f - +0 trident
rCold   x . .      Faith    .   g - orb {light}
rNeg    . . .      Spirit   .   (armour currently unavailable)
rPois   +          Reflect  +   (helmet currently unavailable)
rElec   .          Harm     .   (cloak currently unavailable)
rCorr   .          Rampage  .   (gloves currently unavailable)
Will    .....      NoTele   +   (boots currently unavailable)
Stlth   +.........              k - amulet of reflection
HPRegen 0.23/turn               d - ring of see invisible
MPRegen 0.11/turn               l - ring of fire

@: tree-form, glowing
A: stationary, stasis, torment immunity, boosted hp, (nimble swimmer 2),
(mertail), (iridescent scales 1), weak 1
a: no special abilities


You were on level 5 of the Dungeon.
You were a tree.
You visited 1 branch of the dungeon, and saw 5 of its levels.
You also visited: Sewer.

You collected 113 gold pieces.

Inventory:

Hand Weapons
 f - a +0 trident (weapon)
Missiles
 i - 2 atropa-tipped darts (quivered)
Armour
 b - a +1 robe (melded)
 g - an orb of light (worn)
 j - a +0 pair of boots (melded)
Jewellery
 d - a ring of see invisible (left branch)
 k - an amulet of reflection (around neck)
 l - a ring of fire (right branch)
Scrolls
 e - 2 scrolls of teleportation
 h - 2 scrolls of blinking
Potions
 a - a potion of brilliance
 c - 2 potions of curing


   Skills:
 * Level 4.5 Fighting
 * Level 7.6 Polearms
 * Level 0.5 Throwing
 * Level 1.1 Armour
 * Level 5.2 Dodging
 * Level 4.0 Stealth
 + Level 0.2 Shields
 * Level 1.6 Invocations


You had 6 spell levels left.
You didn't know any spells.
Your spell library contained the following spells:

 Spells                   Type           Power      Damage    Failure   Level
 Ensorcelled Hibernation  Hex/Ice        0%         N/A       52%         2
 Spider Form              Tmut/Pois      0%         N/A       77%         3
 Anguish                  Hex/Necr       0%         N/A       99%         4


Dungeon Overview and Level Annotations

Branches:
Dungeon (5/15)              Sewer (visited)
 Temple: D:4-7

Altars:
Cheibriados
Elyvilon
Zin

Shops:
D:3 :


Innate Abilities, Weirdness & Mutations

You are a tree.
Your roots penetrate the ground, keeping you stationary.
You cannot be teleported.
You are immune to unholy pain and torment.
Your maximum health is greatly increased.
Your equipment is partially melded.
((You are very nimble when in or above water. (Stealth+, EV+, Speed+++)))
((Your lower body shifts to a powerful aquatic tail in water.))
((You are partially covered in iridescent scales. (AC +2)))
You are weak. (Str -2)


Message History

The black bear claws you.
The black bear claws you but does no damage.
You hit the ogre.
The ogre is heavily wounded.
You feel sick. The ogre hits you with a +0 giant club.
The adder bites you but does no damage. You block the adder's attack.
You hit the ogre.
The ogre is severely wounded.
You feel sick. The adder bites you but does no damage.
The black bear bites you but does no damage.
You block the black bear's attack. The black bear barely misses you.
The adder bites you but does no damage.
The ogre hits you with a +0 giant club!!
* * * LOW HITPOINT WARNING * * *
You feel better.
The adder bites you but does no damage. x2
You block the black bear's attack.
The black bear claws you but does no damage. x2
The adder bites you but does no damage. The ogre hits you with a +0 giant club!
* * * LOW HITPOINT WARNING * * *
You feel better. The adder bites you but does no damage.
The black bear bites you but does no damage.
The black bear claws you but does no damage.
The black bear claws you.
* * * LOW HITPOINT WARNING * * *
The adder bites you but does no damage. x2
You completely miss the ogre.
The ogre is heavily wounded.
The black bear bites you but does no damage.
The black bear claws you but does no damage. x2
The ogre hits you with a +0 giant club.
* * * LOW HITPOINT WARNING * * *
The adder barely misses you. The adder bites you but does no damage.
You puncture the ogre!
The ogre is almost dead.
The adder bites you but does no damage. The black bear barely misses you.
The black bear claws you but does no damage. x2
The adder bites you.
* * * LOW HITPOINT WARNING * * *
The ogre hits you with a +0 giant club!
You die...

##..................###.###
#.#.###############.#.....#
.....# ###..#..(..# .....#
###........... .....#
##......#.....# .....#
#.......#..$..# .....#
#.###.### #.### .....# #
#.SS..# ... ....## #.♣Og.#
..# ....# #....h....# ..
#.#.?.$.#..# #.#.....#....
# ###.### #.# ... 8. ...
###.


You could see a black bear, an ogre, a gnoll and 2 adders.

Vanquished Creatures
  Pargi (Sewer)
  A bullfrog zombie (D:5)
  A jelly (D:5)
  A hound (D:4)
  An orc wizard (D:4)
  A mummy (D:3)
  11 adders
  3 gnolls (D:4)
  2 worms
  4 dart slugs
  8 orcs
  5 bats
  9 endoplasms
  3 giant cockroaches
  8 goblins
  6 hobgoblins
  5 kobolds
  3 quokkas
  11 ball pythons
  8 frilled lizards
  5 rats
97 creatures vanquished.

Vanquished Creatures (others)
  4 toadstools (D:1)
4 creatures vanquished.

Grand Total: 101 creatures vanquished

Notes
Turn   | Place    | Note
-------+----------+-------------------------------------------
     0 | D:1      | Mattiprrivan the Merfolk Monk began the quest for the Orb.
     0 | D:1      | Reached XP level 1. HP: 18/18 MP: 1/1
   104 | D:1      | Reached XP level 2. HP: 24/24 MP: 2/2
   764 | D:1      | Reached XP level 3. HP: 30/30 MP: 3/3
  1065 | D:1      | Reached skill level 5 in Polearms
  1766 | D:2      | Reached XP level 4. HP: 37/37 MP: 4/4
  1892 | D:2      | Found a faded altar of an unknown god.
  1908 | D:2      | Prayed at the altar of an unknown god.
  1908 | D:2      | Became a worshipper of Elyvilon the Healer
  1908 | D:2      | Reached * piety under Elyvilon
  1908 | D:2      | Reached ** piety under Elyvilon
  1909 | D:2      | Fell from the grace of Elyvilon
  2635 | D:3      | Gained mutation: You are partially covered in iridescent
                  | scales. (AC +2) [potion of mutation]
  2635 | D:3      | Gained mutation: You are weak. (Str -2) [potion of
                  | mutation]
  2651 | D:3      | Found a glowing drain.
  2667 | Sewer    | Entered a sewer
  2761 | Sewer    | Noticed Pargi
  2823 | Sewer    | Killed Pargi
  2824 | Sewer    | Reached skill level 6 in Polearms
  2824 | Sewer    | Reached skill level 1 in Invocations
  2824 | Sewer    | Reached XP level 5. HP: 42/42 MP: 5/5
  2963 | D:3      | Found a glowing silver altar of Zin.
  3075 | D:3      | Found Nupujiupnoi's Book Shop.
  3101 | D:3      | Reached skill level 1 in Armour
  3309 | D:3      | Reached skill level 5 in Dodging
  3309 | D:3      | Reached XP level 6. HP: 48/48 MP: 6/6
  3558 | D:3      | Found a snail-covered altar of Cheibriados.
  4007 | D:4      | Reached skill level 7 in Polearms
  5057 | D:5      | Entered Level 5 of the Dungeon
  5078 | D:5      | Reached XP level 7. HP: 52/55 MP: 8/8
  5147 | D:5      | Slain by an ogre

Illustrated notes

Levels and vault maps discovered:
D:1:      ldierk_walled_garden_2, layout_basic
D:2:      layout_loops_ring, shapermc_ecumenical_altar_notcrosses,
          serial_bayou_pond_d, ebering_dispersal_statue_hall
D:3:      layout_basic, chei_slow_surprise, mainiacjoe_overflow_surrounded_room,
          serial_shops, nicolae_diamond_shop, cheibrodos_sewer_entry_drain,
          minmay_misc_feat_cross, kennysheep_decorative_pillar,
          minmay_misc_feat_rows
D:4:      layout_cave_pods, serial_park_tiny_pond, bh_walls_and_bars
D:5:      layout_cave_pods, mainiacjoe_overflow_two_lobes,
          hangedman_abyss_or_decor_stagger, corexii_leaking_fountain,
          minmay_chambers_of_fives, uniq_menkaure

Skill      XL: |  1  2  3  4  5  6 |
---------------+-------------------+-----
Polearms       | 5 6 7 |  7.6
Stealth        | 3 4 |  4.0
Invocations    | 1 |  1.6
Fighting       | 4 |  4.5
Armour         | 1 |  1.1
Dodging        | 5 |  5.2
Throwing       | |  0.5
Shields        | |  0.2

Action                   |  1- 3 |  4- 6 |  7- 9 || total
-------------------------+-------+-------+-------++-------
Melee: Spear             |   147 |    36 |       ||   183
       Punch             |     1 |     1 |       ||     2
       Trident           |       |   203 |    13 ||   216
       Tailslap          |       |     3 |       ||     3
Throw: Dart              |       |     4 |       ||     4
Invok: Renounce Religion |       |     1 |       ||     1
  Use: Scroll            |     2 |     9 |       ||    11
       Potion            |     1 |     4 |     3 ||     8
 Stab: Sleeping          |     9 |     4 |       ||    13
       Distracted        |       |     1 |       ||     1
Armor: Robe              |    16 |    19 |     3 ||    38
       Skin              |       |       |    31 ||    31
Dodge: Dodged            |    76 |   119 |    11 ||   206
Block: Orb               |       |    30 |     4 ||    34
